 Dungeon Crawl Stone Soup version 0.16.1-11-g651b585 (webtiles) character file.

819 Chiseanne the Ducker (level 7, -7/55 HPs)
             Began as a Demonspawn Wanderer on Mar 30, 2015.
             Was an Initiate of Okawaru.
             Mangled by an orc warrior
             ... wielding a +0 long sword
             ... summoned by a shadow trap
             ... triggered by the player character
              (12 damage)
             ... on level 6 of the Dungeon.
             The game lasted 00:20:59 (5083 turns).

Chiseanne the Ducker (Demonspawn Wanderer)          Turns: 5083, Time: 00:20:59

Health: -7/55      AC: 14    Str: 13    XL:     7   Next: 63%
Magic:  7/7        EV: 19    Int: 12    God:    Okawaru [......]
Gold:   291        SH:  0    Dex: 14    Spells: 0 memorised, 6 levels left

rFire  . . .     SeeInvis .     s - +2 mace (protect)
rCold  . . .     Clarity  .     b - +0 ring mail
rNeg   . . .     SustAb   .     (no shield)
rPois  .         Gourm    .     (no helmet)
rElec  .         Spirit   .     (no cloak)
rCorr  .         Warding  .     (no gloves)
rMut   .         Stasis   .     (no boots)
MR     .....                    m - amulet of faith
Stlth  +.........               y - +5 ring of slaying
                                p - +5 ring of evasion

@: not resistant to hostile enchantments, very unstealthy
A: talons 1, rough black scales 1, demonic guardian 1
a: Renounce Religion


You were on level 6 of the Dungeon.
You worshipped Okawaru.
Okawaru was noncommittal.
You were not hungry.

You visited 1 branch of the dungeon, and saw 6 of its levels.

You collected 291 gold pieces.

Inventory:

Hand weapons
 a - a +2 hand axe of freezing
 s - a +2 mace of protection (weapon)
 w - a +2 shortbow
 A - a -1 executioner's axe
Missiles
 e - 65 arrows
 i - 27 poisoned needles
 n - 39 bolts
 x - 6 tomahawks (quivered)
 z - a throwing net
Armour
 b - a +0 ring mail (worn)
Jewellery
 m - an amulet of faith (around neck)
 p - a +5 ring of evasion (left hand)
 y - a +5 ring of slaying (right hand)
Scrolls
 c - 4 scrolls of teleportation
 o - 2 scrolls of recharging
 q - a scroll of amnesia
 C - a scroll of fear {unknown}
 D - a scroll of summoning {unknown}
Potions
 g - 3 potions of agility {unknown}
 h - 2 potions of might {unknown}
 j - a potion of resistance {unknown}
 k - a potion of brilliance {unknown}
 l - 4 potions of flight
 r - 3 potions of curing
 t - a potion of invisibility {unknown}
 u - a potion of mutation {unknown}
Comestibles
 d - a meat ration
 f - 5 bread rations
 v - a beef jerky
 B - a royal jelly


   Skills:
 * Level 4.5 Fighting
 - Level 2.6 Bows
 - Level 1.0 Armour
 * Level 6.9 Dodging
 - Level 1.7 Stealth
 - Level 1.0 Unarmed Combat


You had 6 spell levels left.
You didn't know any spells.

Dungeon Overview and Level Annotations

Branches:
Dungeon (6/15)
 Temple: D:4-7

Altars:
Fedhas
Gozag
Okawaru
Qazlal
Trog
Xom
The Shining One


Innate Abilities, Weirdness & Mutations

You have sharp toenails.
You are partially covered in rough black scales (AC +4, Dex -1).
A weak demonic guardian rushes to your aid.


Message History

Wield which item (- for none, * to show all)? (? for menu, Esc to quit)
Your +2 hand axe of freezing stops glowing.
You feel protected!
s - a +2 mace of protection (weapon)
Your iron imp hits the adder.
The orc warrior hits you with a long sword!
* * * LOW HITPOINT WARNING * * *
The adder bites your iron imp but does no damage.
You barely miss the orc warrior.
The orc warrior is severely wounded.
The orc hits your iron imp but does no damage.
The orc warrior hits you but does no damage.
Your iron imp misses the adder.
The orc hits your iron imp but does no damage.
You hit the orc warrior but do no damage.
You claw the orc warrior.
The orc warrior is almost dead.
The orc hits your iron imp but does no damage.
The orc warrior hits you with a long sword!
You die...

.###.#######..#.#
...#<.........# #
.........##.##.
###.####.##....#
#.............#
#5o....#####.##
#S###### .# #o# #
#@# #.# #.# ###


You could see an orc warrior, an adder, an orc and a friendly iron imp.

Vanquished Creatures
  A sky beast (D:5)
  An ogre (D:5)
  An ice beast (D:5)
  4 scorpions (D:4)
  2 orc wizards
  3 worker ants
  3 gnolls (D:5)
  A worker ant zombie (D:3)
  7 adders
  A shadow imp (D:5)
  2 giant mites (D:4)
  3 worms
  An orc zombie (D:5)
  An ooze (D:4)
  23 orcs
  5 giant cockroaches
  8 goblins
  8 hobgoblins
  3 jackals (D:2)
  2 quokkas
  2 ball pythons
  21 bats
  4 giant geckos
  3 giant newts
  9 kobolds
  7 rats
  9 fungi (D:4)
135 creatures vanquished.

Vanquished Creatures (collateral kills)
  A gnoll (D:5)
  An orc (D:6)
2 creatures vanquished.

Vanquished Creatures (others)
  A quasit (D:4)
  2 iron imps (D:5)
  A white imp (D:4)
  2 ufetubi
6 creatures vanquished.

Grand Total: 143 creatures vanquished

Notes
Turn   | Place    | Note
--------------------------------------------------------------
     0 | D:1      | Chiseanne, the Demonspawn Wanderer, began the quest for the Orb.
     0 | D:1      | Chiseanne set off with: a +2 shortbow, a +0 ring mail, a scroll of teleportation, a +0 dagger, 25 arrows, a bread ration
     0 | D:1      | Reached XP level 1. HP: 16/16 MP: 1/1
   300 | D:1      | Gained mutation: You have sharp toenails. [demonic ancestry]
   300 | D:1      | Reached XP level 2. HP: 23/23 MP: 2/2
  1092 | D:2      | Gained mutation: You are partially covered in rough black scales (AC +4, Dex -1). [demonic ancestry]
  1092 | D:2      | Reached XP level 3. HP: 24/28 MP: 3/3
  1141 | D:2      | Reached skill level 3 in Fighting
  1377 | D:2      | Found a stormy altar of Qazlal.
  1533 | D:2      | Reached XP level 4. HP: 19/35 MP: 4/4
  2612 | D:3      | Gained mutation: A weak demonic guardian rushes to your aid. [demonic ancestry]
  2612 | D:3      | Reached XP level 5. HP: 39/41 MP: 5/5
  2686 | D:3      | Found a bloodstained altar of Trog.
  2815 | D:3      | You fall through a shaft for 2 floors!
  2815 | D:5      | Entered Level 5 of the Dungeon
  2815 | D:5      | Noticed an ogre
  2878 | D:5      | Reached skill level 4 in Dodging
  2961 | D:4      | Found a shimmering altar of Xom.
  2962 | D:4      | Found a blossoming altar of Fedhas.
  2963 | D:4      | Found a glowing golden altar of the Shining One.
  3115 | D:4      | Reached XP level 6. HP: 41/48 MP: 6/6
  3216 | D:4      | Reached skill level 5 in Dodging
  4265 | D:5      | Reached XP level 7. HP: 50/54 MP: 7/7
  4641 | D:5      | Reached skill level 6 in Dodging
  4671 | D:5      | Noticed a sky beast
  4679 | D:5      | Killed a sky beast
  4852 | D:5      | Killed an ogre
  4891 | D:5      | Found an iron altar of Okawaru.
  4894 | D:5      | Found an opulent altar of Gozag.
  4901 | D:5      | Became a worshipper of Warmaster Okawaru
  5083 | D:6      | Mangled by an orc warrior

Action                   |  1- 3 |  4- 6 |  7- 9 || total
-------------------------+-------+-------+-------++-------
Melee: Short sword       |       |    36 |       ||    36
       Hammer            |       |    23 |       ||    23
       Hand axe          |       |    17 |    27 ||    44
       Executioner's axe |       |     5 |       ||     5
       Mace              |       |       |     9 ||     9
 Fire: Shortbow          |   100 |   146 |    33 ||   279
  Use: Scroll            |     2 |     6 |       ||     8
 Stab: Sleeping          |       |     1 |       ||     1
  Eat: Chunk             |     2 |     7 |     2 ||    11
       Pizza             |       |     1 |       ||     1
